 Dungeon Crawl Stone Soup version 0.31-a0-1589-g8f5e8aebd6 (webtiles) character file.

Game seed: 1387344245608780694

830 wildpjah the Slasher (level 7, -11/53 HPs)
             Began as a Demonspawn Gladiator on Jan 6, 2024.
             Killed from afar by Ijyb (22 damage)
             ... with a bolt of acid
             ... on level 4 of the Dungeon.
             The game lasted 00:12:28 (3288 turns).

wildpjah the Slasher (Demonspawn Gladiator)         Turns: 3288, Time: 00:12:29

Health: -11/53     AC:  0    Str: 16    XL:     7   Next: 65%
Magic:  7/7        EV: 12    Int:  9    God:
Gold:   71         SH:  9    Dex: 20    Spells: 6/6 levels left

rFire   . . .        f - +0 falchion
rCold   . . .        p - +0 buckler
rNeg    . . .        u - +0 ring mail
rPois   .            c - +0 helmet
rElec   .            (cloak unavailable)
rCorr   .            (no gloves)
SInv    .            v - +0 pair of boots
Will    .....        (no amulet)
Stlth   +            r - +6 ring of dexterity
HPRegen 0.28/turn    (no ring)
MPRegen 0.10/turn

%: no passive effects
@: corroded, sanguine armoured
A: sanguine armour 2, condensation shield, weakness stinger 3
a: no special abilities


You were on level 4 of the Dungeon.
You visited 1 branch of the dungeon, and saw 4 of its levels.
You also visited: Ossuary.

You collected 71 gold pieces.

Inventory:

Hand Weapons
 a - a +0 long sword
 f - a +0 falchion (weapon)
 B - a +3 vampiric dagger
Missiles
 d - a throwing net (quivered)
 e - 3 javelins
 i - 2 atropa-tipped darts
 o - 6 poisoned darts
Armour
 b - a +0 leather armour
 c - a +0 helmet (worn)
 m - a +0 scale mail
 p - a +0 buckler (worn)
 u - a +0 ring mail (worn)
 v - a +0 pair of boots (worn)
Jewellery
 r - a +6 ring of dexterity (left hand)
 t - a ring of magical power
Scrolls
 h - 2 scrolls of teleportation
 j - a scroll of fog {unknown}
 q - a scroll of immolation
 w - a scroll of poison
 y - a scroll of butterflies
Potions
 g - a potion of mutation
 k - 2 potions of magic {unknown}
 l - 3 potions of curing
 n - a potion of brilliance {unknown}
 s - 2 potions of might {unknown}
 z - 3 potions of cancellation {unknown}
 A - a potion of invisibility {unknown}


   Skills:
 + Level 3.7 Fighting
 + Level 5.7 Long Blades
 + Level 2.3 Throwing
 + Level 2.4 Armour
 + Level 4.0 Dodging
 + Level 0.5 Stealth
 + Level 2.3 Shields


You had 6 spell levels left.
You didn't know any spells.
Your spell library contained the following spells:

 Spells                   Type           Power      Damage    Failure   Level
 Cigotuvi's Dreadful Rot  Necr/Alch/Air  0%         N/A       83%         2
 Dispel Undead            Necr           0%         3d6       100%        4
 Martyr's Knell           Necr/Summ      0%         N/A       100%        4
 Death Channel            Necr           0%         N/A       100%        6


Dungeon Overview and Level Annotations

Branches:
Dungeon (4/15)            Ossuary (visited)
 Temple: D:4-7

Altars:

Annotations:
D:4 Blork the orc, Ijyb


Innate Abilities, Weirdness & Mutations

When seriously injured, your blood forms thick armour. (AC +9)
A meltable shield of frost defends you. (SH +4)
You have a sharp stinger which inflicts weakening toxins.


Message History

The endoplasm jiggles.
You block Ijyb's attack.
You barely miss Ijyb.
Ijyb is severely wounded.
Ijyb zaps a wand.
The bolt of acid misses you.
You hit Ijyb but do no damage.
Ijyb is severely wounded.
You block Ijyb's attack.
You completely miss Ijyb.
Ijyb is severely wounded.
Ijyb barely misses you.
You closely miss Ijyb.
Ijyb is severely wounded.
Ijyb hits you with a +0 dagger.
You barely miss Ijyb.
Ijyb is severely wounded.
You block Ijyb's attack.
You hit Ijyb but do no damage.
Your tail-slap misses Ijyb.
Ijyb is severely wounded.
Ijyb screams, "Die!"
Ijyb zaps a wand.
The bolt of acid hits you!
* * * LOW HITPOINT WARNING * * *
Ijyb zaps a wand.
The bolt of acid hits you.
* * * LOW HITPOINT WARNING * * *
The acid corrodes you!
Press: ? - help, v - describe, . - travel
Here: Ijyb, wielding a +0 dagger, wearing a +0 chain mail and carrying a wand of acid (severely wounded)
The floor.
Unknown command.
It was a potion of curing.
You feel better.
Ijyb screams, "Me very upset!"
Ijyb hits you with a +0 dagger.
* * * LOW HITPOINT WARNING * * *
You hit Ijyb but do no damage. You tail-slap Ijyb.
Ijyb looks weaker.
Ijyb is severely wounded.
Ijyb closely misses you.
You hit Ijyb but do no damage.
Your tail-slap misses Ijyb.
Ijyb is severely wounded.
Ijyb zaps a wand.
The bolt of acid hits you!!
You die...

........# #g#8.8.8.8#..##
........# #.#.^.^..^#...#
........# #.###^..###.#.#
.......##
###g..##'##..##.#
#..##...
##.†.........###.. ..
###..##.....#### ###
...###.).###.....## #
.......g###.......### ###
...##...@##.........###..
##....#..............
###...#########...##
##...## ##.### ##...##
#.# ##...## ###.###
##...####.....#
##...#........
##...........


You could see Ijyb (weak).

Vanquished Creatures
  A black bear (D:4)
  A phantom (D:4)
  6 water moccasin zombies (Ossuary)
  A burial acolyte (Ossuary)
  An orc priest (D:4)
  A sleepcap (D:4)
  2 crocodile zombies (Ossuary)
  A bullfrog simulacrum (Ossuary)
  2 mummies (Ossuary)
  4 adders
  7 adder zombies (Ossuary)
  3 dart slugs
  A ribbon worm (D:2)
  2 orcs (D:4)
  8 bats
  An endoplasm (D:4)
  4 giant cockroaches
  13 gnoll zombies (Ossuary)
  9 hobgoblins
  4 kobolds
  2 quokkas (D:3)
  8 ball pythons
  5 frilled lizards
  2 goblins
  4 jackal zombies (Ossuary)
  4 orc zombies (Ossuary)
  9 rats
106 creatures vanquished.

Notes
Turn   | Place    | Note
-------+----------+-------------------------------------------
     0 | D:1      | wildpjah the Demonspawn Gladiator began the quest for the
                  | Orb.
     0 | D:1      | Reached XP level 1. HP: 16/16 MP: 1/1
    77 | D:1      | Gained mutation: You have a small tail. [demonic ancestry]
    77 | D:1      | Reached XP level 2. HP: 18/22 MP: 2/2
   928 | D:2      | Gained mutation: When seriously injured, your blood forms
                  | armour. (AC +9) [demonic ancestry]
   928 | D:2      | Reached XP level 3. HP: 28/28 MP: 3/3
   942 | D:2      | Reached skill level 3 in Long Blades
  1380 | D:2      | Gained mutation: A meltable shield of frost defends you.
                  | (SH +4) [demonic ancestry]
  1380 | D:2      | Reached XP level 4. HP: 34/34 MP: 4/4
  2043 | D:3      | Reached skill level 1 in Armour
  2173 | D:4      | Noticed Blork the orc
  2304 | D:4      | Noticed a black bear
  2321 | D:4      | Killed a black bear
  2322 | D:4      | Reached skill level 4 in Long Blades
  2322 | D:4      | Gained mutation: You have a tail ending in a sharp stinger.
                  | [demonic ancestry]
  2322 | D:4      | Reached XP level 5. HP: 28/39 MP: 5/5
  2406 | D:4      | Reached skill level 1 in Shields
  2476 | D:4      | Noticed a phantom
  2492 | D:4      | Killed a phantom
  2493 | D:4      | Gained mutation: When seriously injured, your blood forms
                  | thick armour. (AC +9) [demonic ancestry]
  2493 | D:4      | Reached XP level 6. HP: 40/46 MP: 6/6
  2607 | D:4      | Found a sand-covered staircase.
  2617 | Ossuary  | Entered an ossuary
  2718 | Ossuary  | Reached skill level 5 in Long Blades
  2766 | Ossuary  | Gained mutation: You have a sharp stinger which inflicts
                  | weakening toxins. [demonic ancestry]
  2766 | Ossuary  | Reached XP level 7. HP: 41/52 MP: 7/7
  3232 | D:4      | Noticed Ijyb
  3285 | D:4      | HP: 2/53 [Ijyb/bolt of acid (6)]
  3288 | D:4      | Killed from afar by Ijyb

Illustrated notes

Levels and vault maps discovered:
D:1:      dpeg_arrival_arbitrary_c, layout_basic
D:2:      layout_rooms
D:3:      layout_basic, shapermc_ecumenical_altar_petra
D:4:      layout_cave_pods, mainiacjoe_ossuary_entry_dusty_tomb,
          uniq_blork_the_orc, uniq_ijyb

Skill      XL: |  1  2  3  4  5  6  7 |
---------------+----------------------+-----
Throwing       | 2 |  2.3
Dodging        | 3 4 |  4.0
Long Blades    | 3 4 5 |  5.7
Armour         | 1 2 |  2.4
Shields        | 1 2 |  2.3
Fighting       | 3 |  3.7
Stealth        | |  0.5

Action                     |  1- 3 |  4- 6 |  7- 9 || total
---------------------------+-------+-------+-------++-------
  Melee: Falchion          |   137 |   153 |   164 ||   454
         Tailslap          |     7 |    21 |    26 ||    54
         Punch             |     1 |       |       ||     1
         Dagger            |       |       |    19 ||    19
  Throw: Javelin           |     1 |       |     3 ||     4
         Dart              |       |     3 |       ||     3
         Throwing net      |       |     2 |     1 ||     3
    Use: Scroll            |       |     7 |       ||     7
         Potion            |       |       |     4 ||     4
 Armour: Leather armour    |    40 |       |       ||    40
         Scale mail        |    33 |       |       ||    33
         Ring mail         |       |    66 |    72 ||   138
  Dodge: Dodged            |    89 |    76 |    59 ||   224
  Block: Buckler           |     8 |    71 |    62 ||   141

Table legend: (Time is in decaauts)
 A = Elapsed time spent in this place.
 B = Non-inter-level travel time spent in this place.
 C = Inter-level travel time spent in this place.
 D = Time resting spent in this place.
 E = Time spent auto-exploring this place.
 F = Levels seen in this place.
 G = Mean time per level.
                   A        B        C        D        E       F      G
               +--------+--------+--------+--------+--------+-----+--------+
         Total |   3340 |   3188 |    152 |     37 |   2183 |   5 |  668.0 |
       Dungeon |   2779 |   2627 |    152 |     37 |   1881 |   4 |  694.8 |
       Ossuary |    561 |    561 |      0 |      0 |    302 |   1 |  561.0 |
               +--------+--------+--------+--------+--------+-----+--------+

Top non-repeatable levels by time:
     D:1: 930 daAuts
     D:3: 670 daAuts
     D:2: 600 daAuts
     D:4: 578 daAuts
 Ossuary: 561 daAuts
